 Dungeon Crawl Stone Soup version 0.29-a0-821-g66395355a5 (webtiles) character file.

Game seed: 3247596850149526575

4692 jimonade the Thaumaturge (level 10, 0/74 HPs)
             Began as a Mummy Necromancer on July 7, 2022.
             Slain by Maggie
             ... wielding a +1 morningstar of flaming
              (10 damage)
             ... on level 8 of the Dungeon.
             The game lasted 00:39:07 (10109 turns).

jimonade the Thaumaturge (Mummy Necromancer)       Turns: 10109, Time: 00:39:07

Health: 0/74       AC:  7    Str: 12    XL:     10   Next: 21%
Magic:  26/27      EV: 15    Int: 18    God:
Gold:   526        SH:  9    Dex: 13    Spells: 24/36 levels left

rFire   x . .      SeeInvis .   n - +0 trident
rCold   + . .      Faith    .   u - +0 buckler
rNeg    + + +      Spirit   .   c - +0 leather armour
rPois   ∞          Reflect  +   (no helmet)
rElec   .          Harm     .   (no cloak)
rCorr   .          Rampage  .   (no gloves)
Will    +....                   (no boots)
Stlth   ++........              x - amulet of reflection
HPRegen 0.22/turn               f - +4 ring of evasion
MPRegen 0.20/turn               R - +4 ring of protection

@: no status effects
A: cold resistance 1, negative energy resistance 3, torment resistance 2, heat
vulnerability 1, in touch with death 1, no potions
a: no special abilities


You were on level 8 of the Dungeon.
You visited 2 branches of the dungeon, and saw 10 of its levels.
You also visited: Sewer.

You collected 526 gold pieces.

Inventory:

Hand Weapons
 n - a +0 trident (weapon)
 s - a +2 vorpal hand axe
 v - a +0 bardiche
 E - a +0 quarterstaff
 I - a +1 hand axe of electrocution
 K - a +0 arbalest
 O - a +2 dagger of venom
 P - a +3 battleaxe
 Q - a +0 shortbow
 W - a +0 sling
Missiles
 a - 30 poisoned darts
 i - 76 stones
 r - 8 atropa-tipped darts
 C - 5 curare-tipped darts
 F - 6 javelins
 G - 9 boomerangs
Armour
 c - a +0 leather armour (worn)
 h - a +0 scale mail
 l - a +0 ring mail
 m - a +2 ring mail of poison resistance
 o - a +0 chain mail
 q - a +0 crystal plate armour
 u - a +0 buckler (worn)
 w - a +2 robe of willpower
 N - a +0 ring mail
Jewellery
 f - a +4 ring of evasion (left hand)
 x - an amulet of reflection (around neck)
 z - a ring of resist corrosion
 R - a +4 ring of protection (right hand)
Wands
 p - a wand of light (6)
 y - a wand of charming (13)
 H - a wand of flame (2)
 M - a wand of roots (4)
Scrolls
 b - 2 scrolls of blinking
 d - a scroll of fear {unknown}
 e - 2 scrolls of summoning {unknown}
 g - a scroll of fog {unknown}
 j - 3 scrolls of identify
 k - a scroll of enchant armour
 t - 3 scrolls of teleportation
 A - 4 scrolls of vulnerability
 B - a scroll of silence
 D - a scroll of magic mapping
 J - a scroll of noise {unknown}
 S - a scroll of poison {unknown}
Miscellaneous
 L - a piece from Xom's chessboard (15/15)


   Skills:
 * Level 5.4 Fighting
 + Level 0.7 Armour
 + Level 2.0 Dodging
 - Level 1.5 Stealth
 + Level 1.3 Shields
 * Level 13.6 Spellcasting
 + Level 8.5 Necromancy
 - Level 0.3 Evocations


You had 24 spell levels left.
You knew the following spells:

 Your Spells              Type           Power      Damage    Failure   Level
a - Necrotise             Necr           100%       1d9       1%          1
b - Vampiric Draining     Necr           59%        2d10      1%          3
c - Animate Dead          Necr           59%        N/A       2%          4
d - Dispel Undead         Necr           59%        3d21      2%          4

Your spell library contained the following spells:

 Spells                   Type           Power      Damage    Failure   Level
 Agony                    Necr           59%        N/A       8%          5
 Sandblast                Erth           24%        2d8       10%         1
 Sting                    Tmut/Pois      48%        1d5       10%         1
 Passwall                 Tmut/Erth      10%        N/A       14%         2
 Stone Arrow              Conj/Erth      24%        3d8       28%         3
 Death Channel            Necr           29%        N/A       41%         6
 Petrify                  Tmut/Erth      12%        N/A       67%         4
 Summon Lightning Spire   Summ/Air       12%        N/A       67%         4
 Irradiate                Conj/Tmut      6%         3d15      95%         5
 Maxwell's Capacitive Co  Air            6%         ∞         100%        8
 Storm Form               Tmut/Air       Unusable   N/A       N/A         7

Dungeon Overview and Level Annotations

Branches:
Dungeon (9/15)             Temple (1/1) D:6           Sewer (visited)
   Lair: D:8-11         Orc: D:9-12

Altars:
Ashenzari
Cheibriados
Dithmenos
Fedhas
Gozag
Hepliaklqana
Kikubaaqudgha
Makhleb
Nemelex Xobeh
Qazlal
Sif Muna
Trog
Uskayaw
Vehumet
Wu Jian
Xom

Annotations:
D:8 Maggie, Psyche


Innate Abilities, Weirdness & Mutations

You are immune to poison.
Your flesh is cold resistant. (rC+)
You are immune to negative energy. (rN+++)
You are immune to unholy pain and torment.
You are vulnerable to heat. (rF-)
You are in touch with the powers of death.
You do not drink.


Message History

Magic restored.
Things that are here:
a +0 war axe; a +0 robe
Items here: )) [[.
Maggie the Vainglorious comes into view.
She is wielding a +1 morningstar of flaming.
Maggie shouts!
Maggie points at you and mumbles some strange words.
The bolt of fire hits you!! The fire burns you terribly!
You feel a surge of power!
Maggie writhes in agony.
Maggie says, "Leave now, and tell all of Margery's mercy!"
You feel a surge of power!
Maggie writhes in agony.
Maggie casts a spell at you. The bolt of fire hits you!!
The fire burns you terribly!
Aiming: Fastroot
Press: ? - help, Shift-Dir - straight line, f/p - Maggie
Aim: Maggie, wielding a +1 morningstar of flaming and wearing +0 steam dragon scales (lightly wounded)
The roots erupt in riotous growth!
Roots grab Maggie.
The grasping roots constrict Maggie!
Maggie drinks a potion.
Maggie seems to speed up.
The grasping roots constrict Maggie!
The roots release their grip on Maggie.
Aiming: Fastroot
Press: ? - help, Shift-Dir - straight line, f/p - Maggie
Aim: Maggie, wielding a +1 morningstar of flaming and wearing +0 steam dragon scales (moderately wounded, fast)
The roots erupt in riotous growth!
Roots grab Maggie.
The grasping roots constrict Maggie.
Maggie struggles to escape constriction.
Maggie escapes!
Okay, then.
Aiming: Bolt of Light
Press: ? - help, Shift-Dir - straight line, f/p - Maggie
Aim: Maggie, wielding a +1 morningstar of flaming and wearing +0 steam dragon scales (moderately wounded, fast, 71% to hit)
The bolt of light hits Maggie!
Maggie is heavily wounded.
Maggie is blinded.
Maggie hits you with a +1 morningstar of flaming!
* * * LOW HITPOINT WARNING * * *
Maggie burns you!
You die...

#. ###..# #.
#..... #. #.#..#
#. #.#..# #.##
#.#... ..#######
#.#..# #........
#..... #.@####
#.#.## #@....#
#.#.# #.###.#
#.#.# #.# #.#
##.#.## #.# #.#
##...... #.# #.#
###...#.). #.#
#.#...........
#.###.#.###...####
#.......# ##.##
#####.### #.#


You could see Maggie (fast, blind).

Vanquished Creatures
  Grinder (D:5)
  2 hornets
  Prince Ribbit (D:7)
  Sigmund (D:3)
  2 wyverns
  An acid dragon (D:9)
  A water moccasin (D:8)
  3 black bears
  An ice beast (D:5)
  A phantom (D:7)
  4 centaurs
  6 kobold brigands (Sewer)
  3 bullfrogs
  A scorpion (D:4)
  5 wights (D:8)
  4 killer bees (D:8)
  4 howler monkeys
  4 hounds
  A jelly (D:7)
  4 orc priests
  A gnoll bouda (D:4)
  3 iguanas
  Ijyb (D:5)
  Terence (D:2)
  6 orc wizards
  A killer bee zombie (D:8)
  3 gnolls (D:4)
  A river rat (Sewer)
  9 adders
  2 white imps
  4 worms (Sewer)
  3 dart slugs
  24 orcs
  4 endoplasms
  6 giant cockroaches
  9 goblins
  9 hobgoblins
  7 quokkas
  8 ball pythons
  3 bats
  2 frilled lizards
  11 kobolds
  6 rats
174 creatures vanquished.

Vanquished Creatures (collateral kills)
  Joseph (D:8)
  A centaur (D:7)
  A shadow imp (D:7)
  2 dart slugs
  2 orcs
  2 endoplasms
  A kobold (Sewer)
  A ball python (D:4)
11 creatures vanquished.

Vanquished Creatures (others)
  A centaur zombie (D:8)
  3 killer bee zombies (D:8)
  5 fungi (D:3)
9 creatures vanquished.

Grand Total: 194 creatures vanquished

Notes
Turn   | Place    | Note
-------+----------+-------------------------------------------
     0 | D:1      | jimonade the Mummy Necromancer began the quest for the Orb.
     0 | D:1      | Reached XP level 1. HP: 13/13 MP: 4/4
   133 | D:1      | Found a faded altar of an unknown god.
   147 | D:1      | Reached skill level 3 in Spellcasting
   236 | D:1      | Reached XP level 2. HP: 19/19 MP: 0/6
  1097 | D:2      | Gained mutation: You are in touch with the powers of death.
                  | [Mummy growth]
  1097 | D:2      | Reached XP level 3. HP: 19/25 MP: 1/8
  1896 | D:2      | Noticed Terence
  1904 | D:2      | Learned a level 3 spell: Vampiric Draining
  1916 | D:2      | Killed Terence
  1917 | D:2      | Reached skill level 1 in Fighting
  1917 | D:2      | Reached skill level 4 in Spellcasting
  1917 | D:2      | Reached XP level 4. HP: 4/32 MP: 1/10
  2321 | D:2      | Learned a level 4 spell: Animate Dead
  2732 | D:3      | Reached skill level 5 in Spellcasting
  2732 | D:3      | Reached XP level 5. HP: 37/37 MP: 7/12
  3012 | D:3      | Noticed Sigmund
  3028 | D:3      | Killed Sigmund
  3029 | D:3      | Reached skill level 6 in Spellcasting
  3029 | D:3      | Reached skill level 5 in Necromancy
  3029 | D:3      | Reached XP level 6. HP: 44/44 MP: 1/15
  4053 | D:4      | Noticed a wyvern
  4058 | D:4      | Killed a wyvern
  4059 | D:4      | Reached skill level 7 in Spellcasting
  4059 | D:4      | Reached XP level 7. HP: 23/51 MP: 5/18
  4649 | D:4      | Identified a scroll of acquirement
  4653 | D:4      | Acquired the Book of Ghastly Evolution
  4662 | D:4      | Learned a level 4 spell: Dispel Undead
  4663 | D:5      | Entered Level 5 of the Dungeon
  4696 | D:5      | Found a glowing drain.
  4704 | Sewer    | Entered a sewer
  4787 | Sewer    | Reached skill level 8 in Spellcasting
  5156 | Sewer    | Reached skill level 9 in Spellcasting
  5156 | Sewer    | Reached XP level 8. HP: 58/58 MP: 18/21
  5769 | D:5      | Noticed Ijyb
  5776 | D:5      | Killed Ijyb
  5914 | D:5      | Reached skill level 10 in Spellcasting
  6365 | D:6      | Noticed Grinder
  6387 | D:5      | Killed Grinder
  6484 | D:6      | Found an opulent altar of Gozag.
  6763 | D:6      | Reached skill level 11 in Spellcasting
  6798 | D:6      | Reached XP level 9. HP: 65/65 MP: 18/24
  6941 | D:6      | Found a staircase to the Ecumenical Temple.
  6944 | D:6      | You fall into a shaft and drop 3 floors!
  7190 | D:9      | Found a shimmering altar of Xom.
  7380 | D:8      | Noticed Psyche
  7419 | D:8      | Found a broken altar of Ashenzari.
  7474 | D:8      | Noticed Joseph
  7486 | D:8      | Killed Joseph
  7487 | D:8      | Reached skill level 12 in Spellcasting
  7996 | Temple   | Entered the Ecumenical Temple
  8736 | D:7      | Noticed Prince Ribbit
  8755 | D:7      | Killed Prince Ribbit
  8756 | D:7      | Reached skill level 5 in Fighting
  8841 | D:7      | Reached skill level 13 in Spellcasting
  9458 | D:8      | Reached XP level 10. HP: 68/74 MP: 19/27
  9481 | D:8      | Reached skill level 1 in Shields
 10103 | D:8      | Noticed Maggie
 10109 | D:8      | Slain by Maggie

Illustrated notes

Levels and vault maps discovered:
D:1:      minmay_arrival_wavy_path, layout_loops_cross,
          hellmonk_ecumenical_altar_lost_god
D:2:      layout_basic, dreamdust_princess_corridor, minmay_split_cup_small,
          uniq_terence
D:3:      layout_rooms, dreamdust_mushroom_princess, serial_bayou_pond_e,
          uniq_sigmund
D:4:      layout_loops_ring, minmay_misc_feat_plants
D:5:      cheibrodos_iron_armory, layout_cave_pools, gup_sewer_entry_pipe,
          uniq_ijyb
D:6:      layout_loops_ring, mainiacjoe_overflow_cross_hatched,
          minmay_temple_entry_antechambers, minmay_tree_intersection,
          uniq_grinder
D:7:      layout_basic, uniq_prince_ribbit1
D:8:      layout_loops_ring, lemuel_crystal_altar, uniq_joseph, uniq_maggie,
          uniq_psyche
D:9:      layout_basic, xom_butterflies, mainiacjoe_overflow_surrounded_room,
          gammafunk_ghost_stat_death
Temple:   minmay_temple_bridge_d

Skill      XL: |  1  2  3  4  5  6  7  8  9 10 |
---------------+-------------------------------+-----
Spellcasting   | 3 4 5 6 7 9 11 13 | 13.6
Fighting       | 1 2 3 4 5 |  5.4
Necromancy     | 5 6 7 8 |  8.5
Dodging        | 2 |  2.0
Shields        | 1 |  1.3
Armour         | |  0.7
Stealth        | |  1.5
Evocations     | |  0.3

Action                   |  1- 3 |  4- 6 |  7- 9 | 10-12 || total
-------------------------+-------+-------+-------+-------++-------
Melee: Trident           |       |    19 |    72 |     6 ||    97
 Cast: Necrotise         |    57 |    86 |   287 |    33 ||   463
       Vampiric Draining |     1 |     1 |    10 |       ||    12
       Dispel Undead     |       |       |     1 |     6 ||     7
       Animate Dead      |       |       |     1 |       ||     1
Evoke: Wand              |       |       |    14 |     3 ||    17
  Use: Scroll            |       |       |     9 |       ||     9
Armor: Robe              |     1 |     7 |    12 |       ||    20
       Leather armour    |       |       |     5 |     6 ||    11
Dodge: Dodged            |    10 |    35 |   109 |    17 ||   171
Block: Buckler           |       |       |    42 |    14 ||    56
       Reflection        |       |       |     6 |     3 ||     9

Table legend: (Time is in decaauts)
 A = Elapsed time spent in this place.
 B = Non-inter-level travel time spent in this place.
 C = Inter-level travel time spent in this place.
 D = Time resting spent in this place.
 E = Time spent auto-exploring this place.
 F = Levels seen in this place.
 G = Mean time per level.
                   A        B        C        D        E       F      G
               +--------+--------+--------+--------+--------+-----+--------+
         Total |  10310 |   9957 |    353 |    927 |   6478 |  11 |  937.3 |
       Dungeon |   9093 |   8742 |    351 |    927 |   5658 |   9 | 1010.3 |
        Temple |    233 |    231 |      2 |      0 |    214 |   1 |  233.0 |
         Sewer |    982 |    982 |      0 |      0 |    606 |   1 |  982.0 |
               +--------+--------+--------+--------+--------+-----+--------+

Top non-repeatable levels by time:
     D:2: 1602 daAuts
     D:4: 1260 daAuts
     D:7: 1161 daAuts
     D:8: 1109 daAuts
     D:1: 1032 daAuts
   Sewer: 982 daAuts
     D:5: 977 daAuts
     D:6: 819 daAuts
     D:3: 776 daAuts
     D:9: 353 daAuts
  Temple: 233 daAuts
